 Dungeon Crawl Stone Soup version bcrawl-1.37.2 (webtiles) character file.

Game seed: 10441658590012307331

278616 Mehrunes the Geomancer (level 10, -2/69 HPs)
             Began as an Octopode Earth Elementalist on Nov 15, 2022.
             Was an Initiate of Cheibriados.
             Slain by a four-headed hydra (6 damage)
             ... on level 1 of the Lair of Beasts.
             The game lasted 00:20:50 (9611 turns).

Mehrunes the Geomancer (OpEE)                       Turns: 9611, Time: 00:20:50

Health: -2/69      AC:  1    Str: 10    XL:     10   Next: 68%
Magic:  9/16       EV: 14    Int: 20    God:    Cheibriados [......]
Gold:   477        SH:  6    Dex: 14    Spells: 2/17 levels left

rFire    . . .     GDR:     26% m - +0 dagger (venom)
rCold    . . .     SeeInvis .   h - +0 buckler
rNeg     . . .     Gourm    .   (helmet restricted)
rPois    .         Faith    .   (cloak restricted)
rElec    .         Spirit   .   (no amulet)
rCorr    .         Reflect  .   i - ring of wizardry
MR       .....                  (no ring)
Stlth    +++++.....             (no ring)
HPRegen  0.21/turn              (no ring)
MPRegen  0.15/turn              (no ring)
                                (no ring)
                                (no ring)
                                (no ring)

@: about to teleport, very slow
A: almost no armour, stealthy swim, resist paralysis, amphibious, 8 rings,
constrict 8, camouflage 1, gelatinous body 1
a: Bend Time, Renounce Religion


You were on level 1 of the Lair of Beasts.
You worshipped Cheibriados.
Cheibriados was noncommittal.
You were hungry.

You visited 3 branches of the dungeon, and saw 9 of its levels.

You collected 477 gold pieces.

Inventory:

Hand Weapons
 d - a +0 dagger
 k - a +2 dagger of speed
 m - a +0 dagger of venom (weapon)
 n - a +2 short sword of protection
 s - a +0 dagger of electrocution
Missiles
 b - 710 stones (quivered)
Armour
 h - a +0 buckler (worn)
 t - a +0 cloak
Jewellery
 i - a ring of wizardry (left tentacle)
Wands
 q - a wand of flame (20)
 r - a wand of polymorph (13)
 w - a wand of disintegration (2)
 y - a wand of charming (6)
Scrolls
 c - 5 scrolls of teleportation
 f - 3 scrolls of enchant armour
 g - 11 scrolls of remove curse
 l - 2 scrolls of fog
 p - 2 scrolls of amnesia
 v - a scroll of noise {unknown}
Potions
 a - a potion of agility
 j - a potion of cancellation
 u - a potion of curing {unknown}
 x - a potion of magic {unknown}
 z - a potion of heal wounds
 A - a potion of lignification
Comestibles
 e - 12 rations {!d}


   Skills:
 + Level 6.4 Fighting
 - Level 5.2 Dodging
 + Level 8.6 Stealth
 + Level 4.1 Shields
 - Level 1.0 Unarmed Combat
 - Level 4.0 Spellcasting
 - Level 3.0 Conjurations
 - Level 3.0 Transmutations
 - Level 10.0 Earth Magic


You had 2 spell levels left.
You knew the following spells:

 Your Spells              Type           Power        Failure   Level  Hunger
a - Sandblast             Erth           #####.       1%          1    None
b - Stone Arrow           Conj/Erth      ####..       1%          3    ###....
c - Petrify               Tmut/Erth      ####......   7%          4    #####..
d - Lee's Rapid Deconstr  Erth           #####.....   4%          5    ######.
e - Passwall              Tmut/Erth      ####....     1%          2    None

Your spell library contained the following spells:

 Spells                   Type           Power        Failure   Level  Hunger
 Beastly Appendage        Tmut           ###...       2%          1    None
 Magic Dart               Conj           ###.         2%          1    None
 Sticks to Snakes         Tmut           ###.....     4%          2    None
 Blink                    Tloc           N/A          16%         2    None
 Call Imp                 Summ           #.....       16%         2    None
 Conjure Flame            Conj/Fire      ##......     16%         3    ###....
 Spider Form              Tmut/Pois      ##.          16%         3    ###....
 Mephitic Cloud           Conj/Pois/Air  #.......     19%         3    ###....
 Ice Form                 Ice/Tmut       ##......     45%         4    #####..
 Blade Hands              Tmut           ###.......   58%         5    ######.


Dungeon Overview and Level Annotations

Branches:
Dungeon (7/12)             Temple (1/1) D:6            Lair (1/6) D:7

Altars:
Ashenzari
Cheibriados
Dithmenos
Elyvilon
Fedhas
Gozag
Hepliaklqana
Kikubaaqudgha
Lugonu
Makhleb
Nemelex Xobeh
Okawaru
Qazlal
Ru
Sif Muna
Trog
Uskayaw
Vehumet
Wu Jian
Xom
Yredelemnul
Zin
The Shining One

Shops:
D:5 (   D:6 !

Annotations:
D:6 exclusion: door


Innate Abilities, Weirdness & Mutations

You cannot wear most types of armour.
You are very stealthy in the water. (Stealth+)
Your unusual nervous system resists paralysis.
You are amphibious.
You can wear up to eight rings at the same time.
You can use your tentacles to constrict eight enemies at once.
Your skin changes colour to match your surroundings (Stealth+).
Your rubbery body absorbs attacks. (AC +1, EV +1)


Message History

Aim: a four-headed hydra (moderately wounded, chance to defeat MR: 36%)
The four-headed hydra easily resists.
You are feeling hungry.
The four-headed hydra misses you.
The four-headed hydra closely misses you.
The four-headed hydra barely misses you.
The four-headed hydra bites you! The four-headed hydra bites you!
The four-headed hydra closely misses you.
The four-headed hydra bites you!
* * * LOW HITPOINT WARNING * * *
The four-headed hydra barely misses you.
As you read the scroll of teleportation, it crumbles to dust.
You feel strangely unstable.
You block the four-headed hydra's attack.
The four-headed hydra closely misses you.
The four-headed hydra bites you!
* * * LOW HITPOINT WARNING * * *
The four-headed hydra bites you.
You die...

#P......P≈P.#..#.#.#..
....
##.####.P≈P......##..#
...#. ....
#.PPP......##..# #+..#..
###.# #.....#.....#..#
...##.# #.#
#........#.##..#.....#..
#.#
##.........##..#⌠.>.⌠...
#.#..........#........#..
#.........%P#..#..⌠..#..
.......P.@.P......#.# #...
#..#......D.........# #...
####...........|...####...
#...........b......#....
##.......................
.........................
..................###P...
.........................
#.
.........................


You could see a four-headed hydra.

Vanquished Creatures
  2 cane toads (Lair:1)
  A kobold demonologist (D:6)
  A komodo dragon (Lair:1)
  Grinder (D:5)
  Prince Ribbit (D:5)
  4 yaks (Lair:1)
  Eustachio (D:5)
  A hungry ghost (D:6)
  A steam dragon (D:6)
  3 crocodiles (Lair:1)
  A porcupine (D:7)
  2 ice beasts
  2 orc warriors (D:6)
  A sky beast (D:7)
  A phantom (D:4)
  3 ogres
  4 bullfrogs
  2 centaurs
  2 scorpions
  A wight (D:4)
  An electric eel (Lair:1)
  2 orc priests (D:6)
  2 crimson imps
  2 bullfrog zombies (D:6)
  3 hounds
  A jelly (D:6)
  7 orc wizards
  A bullfrog skeleton (D:4)
  2 worker ants (D:4)
  2 iguanas
  Ijyb (D:4)
  2 hound skeletons
  7 gnolls (D:3)
  12 adders
  2 shadow imps
  4 oozes
  2 adder zombies (D:6)
  2 worms
  A dart slug (D:2)
  A leopard gecko (D:2)
  24 orcs
  4 giant cockroaches
  6 goblins
  9 hobgoblins
  5 jackals
  16 kobolds
  6 quokkas
  A ball python (D:2)
  2 bats (D:2)
  3 frilled lizards
  2 quokka skeletons (D:4)
  4 rats
174 creatures vanquished.

Vanquished Creatures (others)
  A yak (Lair:1)
1 creature vanquished.

Grand Total: 175 creatures vanquished

Notes
Turn   | Place    | Note
-------+----------+-------------------------------------------
     0 | D:1      | Mehrunes the Octopode Earth Elementalist began the quest
                  | for the Orb.
     0 | D:1      | Reached XP level 1. HP: 11/11 MP: 3/3
   187 | D:1      | Reached XP level 2. HP: 17/17 MP: 1/5
   878 | D:2      | Reached XP level 3. HP: 18/21 MP: 1/6
   917 | D:2      | Learned a level 3 spell: Stone Arrow
  1062 | D:2      | Reached skill level 4 in Earth Magic
  1062 | D:2      | Reached XP level 4. HP: 27/27 MP: 6/8
  1077 | D:2      | Learned a level 4 spell: Petrify
  1272 | D:2      | Found a bloodstained altar of Trog.
  2185 | D:3      | Reached XP level 5. HP: 25/31 MP: 2/10
  2737 | D:3      | Reached XP level 6. HP: 36/36 MP: 9/11
  3314 | D:3      | Found a faded altar of an unknown god.
  3590 | D:4      | Noticed a phantom
  3602 | D:4      | Reached skill level 5 in Stealth
  3619 | D:4      | Reached skill level 5 in Earth Magic
  3619 | D:4      | Reached XP level 7. HP: 22/41 MP: 3/13
  3679 | D:4      | Learned a level 5 spell: Lee's Rapid Deconstruction
  4050 | D:4      | Noticed Ijyb
  4108 | D:4      | Reached skill level 1 in Conjurations
  4340 | D:4      | Killed Ijyb
  4833 | D:4      | Reached skill level 6 in Earth Magic
  4917 | D:4      | Reached XP level 8. HP: 46/46 MP: 7/14
  5184 | D:5      | Entered Level 5 of the Dungeon
  5199 | D:5      | Noticed Grinder
  5205 | D:5      | Noticed Prince Ribbit
  5210 | D:5      | Killed Grinder
  5211 | D:5      | Reached skill level 7 in Earth Magic
  5223 | D:5      | Killed Prince Ribbit
  5224 | D:5      | Reached skill level 8 in Earth Magic
  5325 | D:5      | Found Nompe's Antique Weapon Shop.
  5548 | D:5      | Found an ancient bone altar of Kikubaaqudgha.
  5799 | D:5      | Noticed a +0 falchion
  5799 | D:5      | Noticed a +0 short sword
  5800 | D:5      | Noticed a +0 spear
  5801 | D:5      | Noticed a +0 short sword
  5801 | D:5      | Noticed a +0 dagger
  5801 | D:5      | Noticed a +0 falchion
  5801 | D:5      | Noticed a +0 dagger
  5801 | D:5      | Noticed a +0 spear
  5815 | D:5      | Found a hide-covered altar of Uskayaw.
  5888 | D:5      | Noticed Eustachio
  5905 | D:5      | Killed Eustachio
  5906 | D:5      | Reached skill level 9 in Earth Magic
  6179 | D:5      | Found an ornate altar of the Wu Jian Council.
  6432 | D:6      | Reached XP level 9. HP: 30/51 MP: 11/15
  6445 | D:6      | Noticed a kobold demonologist
  6450 | D:6      | Killed a kobold demonologist
  6451 | D:6      | Reached skill level 10 in Earth Magic
  6451 | D:6      | Reached skill level 1 in Fighting
  6581 | D:6      | Found a shimmering blue altar of Sif Muna.
  6581 | D:6      | Found a shimmering altar of Xom.
  6585 | D:6      | Found a burning altar of Makhleb.
  6585 | D:6      | Found an opulent altar of Gozag.
  7031 | D:6      | Found Kuffy's Distillery.
  7861 | D:6      | Found a staircase to the Ecumenical Temple.
  7875 | Temple   | Entered the Ecumenical Temple
  7882 | Temple   | Became a worshipper of Cheibriados the Contemplative
  7997 | D:6      | Reached skill level 5 in Dodging
  8073 | D:6      | Noticed an eye of draining
  8093 | D:6      | Noticed a wind drake
  8201 | D:6      | Learned a level 2 spell: Passwall
  8202 | D:7      | Noticed a death yak
  8494 | D:7      | Reached XP level 10. HP: 65/65 MP: 12/16
  8616 | D:7      | Found a staircase to the Lair.
  8650 | D:7      | Reached skill level 1 in Shields
  8663 | D:7      | Reached skill level 5 in Fighting
  8755 | Lair:1   | Entered Level 1 of the Lair of Beasts
  9194 | Lair:1   | Noticed a cane toad
  9202 | Lair:1   | Noticed a cane toad
  9206 | Lair:1   | Killed a cane toad
  9244 | Lair:1   | Killed a cane toad
  9314 | Lair:1   | Noticed a four-headed hydra
  9611 | Lair:1   | Slain by a four-headed hydra

Skill      XL: |  1  2  3  4  5  6  7  8  9 10 |
---------------+-------------------------------+-----
Spellcasting   | 3 4 |  4.0
Earth Magic    | 4 5 6 9 10 | 10.0
Transmutations | 2 3 |  3.0
Stealth        | 4 5 6 8 |  8.6
Conjurations   | 3 |  3.0
Fighting       | 4 6 |  6.4
Dodging        | 5 |  5.2
Shields        | 4 |  4.1
Unarmed Combat | |  1.0

Action                   |  1- 3 |  4- 6 |  7- 9 | 10-12 || total
-------------------------+-------+-------+-------+-------++-------
Melee: Dagger            |       |    28 |   226 |    54 ||   308
       Constrict         |       |     7 |    39 |     3 ||    49
       Tentacles         |       |     4 |    44 |     9 ||    57
       Punch             |       |       |     2 |       ||     2
 Cast: Sandblast         |    31 |    90 |     2 |       ||   123
       Stone Arrow       |       |    11 |    33 |     9 ||    53
       Petrify           |       |     1 |    31 |    10 ||    42
       Lee's Rapid Decon |       |       |       |     3 ||     3
Evoke: Wand              |       |       |       |     2 ||     2
  Use: Potion            |       |     1 |     4 |     2 ||     7
       Scroll            |       |       |     9 |     3 ||    12
 Stab: Petrified         |       |     4 |    49 |     9 ||    62
       Sleeping          |       |       |    10 |     4 ||    14
       Petrifying        |       |       |     2 |       ||     2
  Eat: Chunk             |     1 |    11 |    25 |    12 ||    49
       Ration            |       |       |     3 |       ||     3
Armor: Skin              |     1 |     6 |    12 |     1 ||    20
Dodge: Dodged            |     6 |    46 |   125 |    32 ||   209
Block: Buckler           |       |       |       |    16 ||    16
